 Dungeon Crawl Stone Soup version 0.18.1-48-g4cf74bf (webtiles) character file.

1137728 Ohli the Axe Maniac (level 27, -2/212 (224) HPs)
             Began as a Demonspawn Gladiator on July 21, 2016.
             Was the Champion of Makhleb.
             Killed from afar by a pearl dragon (54 damage)
             ... with a blast of cleansing flame
             ... on level 8 of a ziggurat on July 25, 2016.
             The game lasted 08:34:19 (94411 turns).

Ohli the Axe Maniac (Demonspawn Gladiator)         Turns: 94411, Time: 08:34:22

HP:   -2/212 (224)  AC: 43    Str: 22    XL:     27
MP:   0/45          EV: 32    Int: 19    God:    Makhleb [******]
Gold: 14477         SH:  0    Dex: 20    Spells: 0 memorised, 26 levels left

rFire  + + +     SeeInvis .     o - +8 frozen axe "Frostbite" {freezing cloud, *Noise +Fly rC+}
rCold  + + +     Gourm    .     D - +10 plate armour "Dybb" {rPois Int+4}
rNeg   + . .     Faith    .     (shield currently unavailable)
rPois  +         Spirit   +     (helmet restricted)
rElec  +         Dismiss  .     q - +2 cloak of Starlight {rElec rC+ EV+4 Stlth--}
rCorr  .         Reflect  .     S - +2 pair of fencer's gloves {LBl+4 SBl+4 EV+3 Dex+6}
SustAt .         Harm     .     (boots unavailable)
MR     ++...     Clarity  +     X - amulet of the Lion {+Blink Regen+ Str-2 Int+3 Slay+3}
Stlth  ..........               n - ring of Vum Pama {*Corrode rF++ rC+++ MP+9}
                                c - ring of Pessimism {rF+ rN+}

@: glowing, studying Throwing, very resistant to hostile enchantments, extremely
unstealthy
A: hooves 3, horns 1, icy blue scales 3, clarity, clever 1, clumsy 1, cold
resistance 1, deterioration 1, frail 1, passive freeze, sense surroundings 1,
poison resistance, powered by death 3, regeneration 1, screaming 1, electricity
resistance, weak 1, magic shield, magic regeneration, magic link, freezing cloud
immunity
a: Minor Destruction, Lesser Servant of Makhleb, Major Destruction, Greater
Servant of Makhleb, Renounce Religion, Evoke Blink, Evoke Flight
}: 10/15 runes: serpentine, barnacled, slimy, silver, golden, iron, obsidian,
icy, bone, abyssal


You were on level 8 of a ziggurat.
You worshipped Makhleb.
Makhleb was exalted by your worship.
You were full.

You visited 18 branches of the dungeon, and saw 92 of its levels.
You visited the Abyss 6 times.
You visited 1 bazaar.
You visited 1 ziggurat, and saw 8 of its levels.
You also visited: Labyrinth, Trove, Volcano and Wizlab.

You collected 16797 gold pieces.
You spent 1441 gold pieces at shops.

Inventory:

Hand Weapons
 o - the +8 frozen axe "Frostbite" (weapon) {freezing cloud, *Noise +Fly rC+}
   (Okawaru gifted it to you on level 9 of the Dungeon)

   It has been specially enchanted to freeze those struck by it, causing extra
   injury to most foes and up to half again as much damage against particularly
   susceptible opponents.
   It can also slow down cold-blooded creatures.
   It protects you from cold.
   It lets you fly.
   It may make noises in combat.
 M - the +8 war axe "Vuysyl" {speed, rElec rN+}
   (Okawaru gifted it to you on level 5 of the Vaults)

   Attacks with this weapon are significantly faster.
   It insulates you from electricity.
   It protects you from negative energy.
Missiles
 d - 5 throwing nets (quivered)
Armour
 q - the +2 cloak of Starlight (worn) {rElec rC+ EV+4 Stlth--}
   (You found it on level 6 of the Pits of Slime)

   It affects your evasion (+4).
   It protects you from cold.
   It insulates you from electricity.
   It makes you much less stealthy.
 D - the +10 plate armour "Dybb" (worn) {rPois Int+4}
   (You found it on level 3 of the Depths)

   It affects your intelligence (+4).
   It protects you from poison.
 K - the +1 helmet of Kanoyrol {MP+9}
   (You found it on level 2 of the Depths)

   It affects your magic capacity (+9).
 Q - the +0 buckler "Iclueso" {Str+4}
   (You found it on level 6 of the Pits of Slime)

   It affects your strength (+4).
 S - the +2 pair of fencer's gloves (worn) {LBl+4 SBl+4 EV+3 Dex+6}
   (You found it on level 5 of the Vaults)

   It affects your evasion (+3).
   It affects your dexterity (+6).
Jewellery
 c - the ring of Pessimism (left hand) {rF+ rN+}
   (You found it on level 3 of the Crypt)

   [ring of positive energy]

   It protects you from fire.
   It protects you from negative energy.
 n - the ring of Vum Pama (right hand) {*Corrode rF++ rC+++ MP+9}
   (You found it on level 5 of the Vaults)

   [ring of magical power]

   It greatly protects you from fire.
   It renders you almost immune to cold.
   It affects your magic capacity (+9).
   It may corrode you when you take damage.
 y - the ring of Tayppokk {rN+ AC+6 Int+6}
   (You found it on level 7 of Cocytus)

   [ring of protection]

   It affects your AC (+6).
   It affects your intelligence (+6).
   It protects you from negative energy.
 R - the amulet "Bekyhagi" {RegenMP MR+ Str+3}
   (You found it on level 6 of the Pits of Slime)

   [amulet of magic regeneration]

   It increases your magic regeneration.
   It affects your strength (+3).
   It affects your resistance to hostile enchantments.
 V - the amulet of Qytt {Dismiss rElec rPois Dex+2 Slay+3}
   (You took it off a skeletal warrior on level 7 of the Iron City of Dis)

   [amulet of dismissal]

   It may teleport away creatures that harm you.
   It affects your dexterity (+2).
   It affects your accuracy and damage with ranged weapons and melee attacks
   (+3).
   It insulates you from electricity.
   It protects you from poison.
 X - the amulet of the Lion (around neck) {+Blink Regen+ Str-2 Int+3 Slay+3}
   (You found it on level 3 of the Tomb of the Ancients)

   [amulet of regeneration]

   It affects your strength (-2).
   It affects your intelligence (+3).
   It affects your accuracy and damage with ranged weapons and melee attacks
   (+3).
   It lets you blink.
   It increases your rate of regeneration.
Wands
 r - a wand of teleportation (3/9)
 u - a wand of digging (7/24)
 E - a wand of disintegration (13/24)
Scrolls
 b - 37 scrolls of teleportation
 h - 10 scrolls of recharging
 i - 5 scrolls of identify
 k - 14 scrolls of blinking
 l - 16 scrolls of enchant weapon
 s - 5 scrolls of silence
 w - 9 scrolls of enchant armour
 L - 2 scrolls of brand weapon
 N - 9 scrolls of magic mapping
 W - 29 scrolls of remove curse
Potions
 e - 7 potions of heal wounds
 j - 3 potions of curing
 m - 2 potions of cancellation
 x - a potion of beneficial mutation
 A - 7 potions of agility
 H - 9 potions of haste
 I - 8 potions of berserk rage
 J - 5 potions of might
Books
 a - a manual of Throwing
Miscellaneous
 p - a legendary deck of defence {the Shadow, drawn: 3}
 t - the horn of Geryon
 v - a phial of floods (inert)
 z - a lamp of fire
 B - a disc of storms
 C - a sack of spiders
 F - a figurine of a ziggurat
 G - 3 phantom mirrors
 P - a stone of tremors
 T - a box of beasts
 U - a box of beasts
 Y - a fan of gales (inert)
 Z - a box of beasts {used: 1}
Comestibles
 f - 16 bread rations
 g - 33 meat rations


   Skills:
 O Level 27 Fighting
 O Level 27 Axes
 + Level 9.5 Throwing
 + Level 25.3 Armour
 + Level 26.3 Dodging
 - Level 14.0 Shields
 - Level 19.9 Invocations
 - Level 13.0 Evocations


You had 26 spell levels left.
You didn't know any spells.

Dungeon Overview and Level Annotations

Branches:
Dungeon (15/15)            Temple (1/1) D:4            Lair (8/8) D:11
 Shoals (4/4) Lair:3        Snake (4/4) Lair:4        Slime (6/6) Lair:7
    Orc (2/2) D:10            Elf (3/3) Orc:2        Vaults (5/5) D:13
  Crypt (3/3) Vaults:3       Tomb (3/3) Crypt:3      Depths (5/5) D:15
   Hell (1/1)                 Dis (7/7) Hell            Geh (7/7) Hell
    Coc (7/7) Hell            Tar (7/7) Hell            Zot (4/5) Depths:5

Altars:
Ashenzari
Cheibriados
Elyvilon
Fedhas
Gozag
Kikubaaqudgha
Makhleb
Nemelex Xobeh
Okawaru
Pakellas
Qazlal
Ru
Sif Muna
Trog
Vehumet
Xom
Yredelemnul
Zin
Beogh
Jiyva

Shops:
D:4 [   D:5 *(%   D:9 }   D:13 %   D:14 :   Orc:2 [(=(   Elf:1 ?*(=   Elf:2 =
Elf:3 *   Vaults:5 :   Depths:3 ([[!   Depths:4 [

Portals:
Hell: Depths:1 Depths:2 Depths:3 Depths:4 Depths:5
Abyss: Depths:3 Depths:4
Pandemonium: Depths:1 Depths:3

Annotations:
D:3 Ohli's ghost, amateur DsHu
Lair:6 exclusion: oklob plant


Innate Abilities, Weirdness & Mutations

You have hooves in place of feet.
You are completely covered in icy blue scales (AC +4, EV -1, rC+).
Your flesh is cold resistant.
A frigid envelope surrounds you and freezes all who hurt you.
You regenerate a lot of health from kills.
When hurt, damage is shared between your health and your magic reserves.
You regenerate magic rapidly.
When low on magic, you restore magic in place of health.
You are immune to freezing clouds.
You have a pair of small horns on your head.
You possess an exceptional clarity of mind.
Your mind is acute. (Int +2)
You are clumsy. (Dex -2)
Your body sometimes deteriorates upon taking damage.
You are frail (-10% HP).
You passively map a small area around you.
Your system is resistant to poisons.
Your natural rate of healing is unusually fast.
You occasionally shout uncontrollably at your foes.
You are resistant to electric shocks.
You are weak. (Str -2)


Message History

The pearl dragon is lightly wounded.
You closely miss the cherub.
The cherub is moderately wounded.
You are engulfed in blessed fire.
The daeva no longer looks unusually strong.
The pearl dragon no longer looks unusually strong.
Your air elemental hits the cherub.
Your air elemental barely misses the pearl dragon.
The cherub sings a powerful hymn!
The holy creatures are roused to righteous anger!
The cherub barely misses you. The cherub completely misses you.
The pearl dragon bites your air elemental!!
The pearl dragon barely misses your air elemental.
Your air elemental closely misses the cherub.
The pearl dragon breathes holy energy at you.
The blast of cleansing flame misses you.
Your air elemental hits the pearl dragon!
The pearl dragon breathes holy energy at you.
The blast of cleansing flame engulfs you!
You die...

▓▓▓ ▓▓▓▓▓▓.▓▓▓▓▓▓
▓▓....(......▓▓
▓▓....A§D§.....▓▓▓
*....AADD@§.......▓▓
*
.≈≈AA##EA§##......▓
$%≈≈≈*#E..##......▓
∩AE≈ .............▓▓


>A( ............∩..▓ A=.,..............▓▓ , ..##...##......▓ ... #...##§.....▓
.. .......▓▓ You could see 2 daevas, 3 pearl dragons, 4 cherubim and 2 friendly
air elementals.

Vanquished Creatures
  Asmodeus (Geh:7)
  Ereshkigal (Tar:7)
  the Serpent of Hell (Geh:7)
  Mara (Snake:4)
  Dispater (Dis:7)
  3 ancient liches
  2 juggernauts (Depths:3)
  34 greater mummies
  5 shard shrikes
  Boris (Depths:3)
  A Killer Klown (Zot:4)
  3 curse toes
  2 caustic shrikes (Depths:3)
  Nikola (Shoals:3)
  Geryon (Hell)
  17 golden dragons
  8 iron giants
  A profane servitor (Abyss:1)
  16 bone dragons
  the Enchantress (Depths:1)
  A pearl dragon (Zig:8)
  23 Tzitzimimeh
  17 Brimstone Fiends
  21 liches
  An electric golem (Zot:2)
  16 doom hounds
  A hellephant (Hell)
  6 Hell Sentinels (Dis:7)
  10 Ice Fiends
  12 tentacled monstrosities
  9 deep elf blademasters
  7 deep elf master archers
  4 quicksilver dragons
  An Executioner (Dis:7)
  11 titans
  12 tentacled starspawn
  21 acid blobs
  8 eldritch tentacles
  3 death cobs
  6 sphinxes
  7 ancient champions
  Polyphemus (Shoals:2)
  15 shadow dragons
  Agnes (Snake:4)
  11 storm dragons
  7 greater nagas
  2 revenants (Crypt:1)
  15 azure jellies
  Ilsuiw (Shoals:4)
  Wiglaf (Snake:2)
  7 tengu reavers
  A daeva (Abyss:1)
  2 draconian monks
  Maud (Lair:8)
  30 fire giants
  22 frost giants
  9 deep elf sorcerers
  4 cacodemons
  3 ghost moths (Zot:4)
  3 draconian zealots
  13 vault wardens
  2 draconian scorchers
  An orc warlord (Orc:1)
  2 draconian knights
  An angel (Abyss:2)
  6 draconian shifters
  Aizul (Snake:4)
  21 balrugs
  11 spriggan defenders
  20 war gargoyles
  A juggernaut zombie (Depths:4)
  3 curse skulls
  13 ironheart preservers
  16 iron dragons
  3 deep elf elementalists
  22 very ugly things
  A caustic shrike skeleton (Crypt:2)
  39 reapers
  2 draconian callers
  6 ghouls
  A draconian annihilator (Zot:2)
  41 stone giants
  12 green draconians
  Nessos (Lair:6)
  The ghost of aves the Severer, an adept VSFi of Qazlal (D:15)
  3 elemental wellsprings
  11 vampire knights
  5 deep elf annihilators
  4 lorocyprocas
  8 salamander stormcallers
  11 deep elf demonologists
  4 bennus (Tomb:3)
  5 yellow draconians
  6 mottled draconians
  6 red draconians
  A corrupter (Abyss:1)
  7 black draconians
  12 purple draconians
  2 white draconians
  4 eidola
  4 merfolk javelineers
  11 ettins
  3 spark wasps (Depths:3)
  Snorg (Lair:7)
  24 vault guards (Vaults:5)
  3 crystal guardians (Crypt:3)
  5 quicksilver dragon zombies
  4 death oozes (Slime:5)
  3 green deaths
  8 blizzard demons
  8 merfolk impalers
  A minotaur (Lab)
  31 mummy priests
  7 deep elf death magi
  15 yaktaur captains
  4 kraken zombies
  17 great orbs of eyes
  19 fire dragons
  28 ice dragons
  4 deep elf high priests
  12 jiangshi
  Fannar (Lair:3)
  2 quicksilver dragon skeletons
  6 entropy weavers
  9 rakshasas
  24 naga warriors
  The ghost of SneakyProgrammer the Protected, a journeyman DDFi of Pakellas (Lair:3)
  A hell beast (Dis:7)
  8 spriggan air magi
  2 merfolk avatars
  10 hydras
  A catoblepas (shapeshifter) (Vaults:5)
  A death knight (Vaults:3)
  5 ghost crabs
  6 merfolk aquamancers
  A ghost crab (shapeshifter) (Depths:3)
  Erica (D:9)
  17 centaur warriors
  36 dancing weapons
  20 ogre magi
  8 anacondas
  9 deep troll shamans
  3 alligator snapping turtles
  3 satyrs
  7 tengu warriors
  16 death yaks
  An orc high priest (Orc:2)
  A hell hog (shapeshifter) (Vaults:2)
  A shock serpent (shapeshifter) (Vaults:5)
  An iron giant zombie (Crypt:1)
  10 soul eaters
  10 deep troll earth magi
  17 thrashing horrors
  3 iron golems
  12 titan zombies
  10 vampire magi
  20 hell hogs
  5 shock serpents
  24 deep elf knights
  16 hell knights
  9 spriggan berserkers
  2 storm dragon zombies
  24 naga sharpshooters
  23 sun demons
  7 titan skeletons
  Sonja (Lair:2)
  Nergalle (Lair:2)
  3 fire crabs
  7 iron trolls
  4 storm dragon skeletons
  3 salamander mystics
  A sea snake (shapeshifter) (Vaults:5)
  49 death scarabs
  2 golden dragon zombies
  3 anaconda zombies
  140 skeletal warriors
  2 shadow wraiths
  23 wretched stars
  8 sea snakes
  4 unseen horrors
  11 giant orange brains
  5 wizards
  2 ghost moth zombies
  3 spriggan druids (Depths:4)
  12 flayed ghosts
  10 naga ritualists
  4 spatial maelstroms
  The ghost of Ohli the Ducker, a novice DsHu of Makhleb (D:10)
  32 deep trolls
  19 shadow demons
  A deep troll (shapeshifter) (Vaults:5)
  3 anaconda skeletons
  Pikel (D:6)
  17 phantasmal warriors
  26 anubis guards
  18 harpies
  9 shadow dragon zombies
  5 hill giants
  9 ironbrand convokers
  17 mana vipers
  An orb spider (shapeshifter) (Vaults:1)
  5 shadow dragon skeletons
  15 necromancers
  10 orc knights
  8 shining eyes
  3 wolf spider zombies
  A golden dragon skeleton (Crypt:3)
  32 deep elf archers
  2 iron dragon zombies
  17 salamanders
  9 fauns
  3 fire giant zombies
  A mana viper (shapeshifter) (Vaults:1)
  38 ugly things
  69 deep elf magi
  11 stone giant zombies
  2 sphinx zombies
  5 frost giant zombies
  8 wolf spiders
  12 griffons
  4 orc sorcerers
  2 worldbinders (Abyss:2)
  A hornet (shapeshifter) (Vaults:3)
  A moth of wrath (shapeshifter) (Abyss:2)
  7 iron dragon skeletons
  8 manticores
  19 moths of wrath
  2 sixfirhies (Abyss:2)
  6 dire elephant zombies
  15 cyclopes
  9 elephants (Lair:7)
  2 fire giant skeletons
  An elephant (shapeshifter) (Vaults:3)
  8 smoke demons
  8 stone giant skeletons
  A titan simulacrum (Coc:7)
  40 black mambas
  6 sirens
  A guardian serpent (shapeshifter) (Vaults:1)
  9 water nymphs
  6 frost giant skeletons
  10 vault sentinels
  37 naga magi
  2 apocalypse crabs
  3 gargoyles
  2 molten gargoyles
  48 rust devils
  2 ice statues
  4 guardian serpents
  2 orange demons (Abyss:2)
  12 spiny frogs
  A rime drake (shapeshifter) (Vaults:4)
  2 catoblepas zombies
  4 eyes of devastation
  18 komodo dragons
  4 shock serpent zombies
  A storm dragon simulacrum (Crypt:1)
  3 emperor scorpion zombies
  2 dire elephant skeletons
  7 efreet
  2 rime drakes
  29 tormentors
  3 demonic crawlers
  A yaktaur (shapeshifter) (Vaults:5)
  18 hellions
  37 yaktaurs
  8 kobold demonologists
  40 freezing wraiths
  6 tengu conjurers
  A troll (shapeshifter) (Abyss:2)
  11 hydra zombies
  A green draconian skeleton (Crypt:1)
  41 ice devils
  2 catoblepas skeletons
  17 red devils
  An anaconda simulacrum (Coc:7)
  An iron troll skeleton (Crypt:1)
  54 guardian mummies
  34 merfolk
  A minotaur zombie (Tar:2)
  3 harpy zombies
  3 silent spectres
  A queen bee (Abyss:5)
  10 ancient zymes
  9 polar bears
  A queen bee (shapeshifter) (Depths:4)
  11 trolls
  2 wind drakes
  A tengu simulacrum (Vaults:1)
  4 harpy skeletons
  6 boulder beetles
  9 hydra skeletons
  3 ice dragon zombies
  16 raiju
  11 bog bodies
  100 slime creatures
  6 snapping turtles
  Grinder (D:3)
  3 ettin zombies
  A tarantella zombie (Crypt:2)
  6 alligator zombies
  27 two-headed ogres
  4 fire dragon zombies
  36 large abominations
  23 ushabtiu
  11 blink frogs
  4 ettin skeletons
  131 flying skulls
  29 shadows
  13 redbacks
  3 black mamba zombies
  An ice dragon skeleton (Geh:7)
  13 air elementals
  Sigmund (D:6)
  3 alligator skeletons
  4 fire dragon skeletons
  20 spriggans
  A tarantella (Depths:5)
  32 yaks
  A spriggan (shapeshifter) (Depths:4)
  26 water elementals
  A dire elephant simulacrum (Tar:7)
  15 small abominations
  31 wraiths
  9 ynoxinuls
  2 wyverns
  A hog (shapeshifter) (Depths:3)
  14 fire elementals
  A vampire (Abyss:2)
  4 fire bats
  2 black mamba skeletons
  A basilisk (shapeshifter) (Depths:4)
  17 hippogriffs
  2 human simulacra
  A golden eye (shapeshifter) (Vaults:3)
  8 golden eyes (Slime:3)
  10 vampire mosquitoes
  6 basilisks
  4 chaos spawn
  An elf skeleton (Depths:3)
  5 neqoxecs
  Edmund (D:4)
  A naga (shapeshifter) (Depths:5)
  A merfolk zombie (Coc:7)
  9 hungry ghosts
  5 spatial vortices
  12 wargs
  Menkaure (D:6)
  A mottled dragon (Vaults:1)
  A monstrous demonspawn zombie (Crypt:1)
  A soldier ant (shapeshifter) (Abyss:2)
  A torturous demonspawn zombie (Geh:7)
  65 hell hounds
  Duvessa (D:6)
  67 nagas
  A putrid demonspawn skeleton (Crypt:2)
  20 water moccasins
  2 hydra simulacra
  8 spiny frog zombies
  9 snapping turtle zombies
  15 porcupines
  4 spiny frog skeletons
  4 swamp dragon zombies
  41 orc warriors
  7 ice beasts
  14 black bears
  A black bear (shapeshifter) (Zig:5)
  5 sky beasts
  3 swamp drakes (Zig:7)
  3 manticore zombies
  32 necrophages
  9 phantoms
  An eye of draining (shapeshifter) (Abyss:5)
  26 starcursed masses
  3 wasps (Depths:4)
  10 wolves (Lair:8)
  The ghost of Krovax1 the Ruffian, an amateur NaTm (D:4)
  9 eyes of draining
  63 ogres
  2 swamp dragon skeletons
  3 boggarts (Depths:2)
  42 centaurs
  4 snapping turtle skeletons
  10 big kobolds
  14 crocodiles
  6 elf zombies
  A yaktaur zombie (Crypt:2)
  A deep troll simulacrum (Vaults:3)
  24 giant frogs
  An octopode zombie (Crypt:1)
  A wyvern zombie (D:15)
  9 earth elementals
  A spiny frog simulacrum (Coc:1)
  A water moccasin skeleton (D:8)
  A scorpion (D:5)
  A manticore simulacrum (Crypt:1)
  A spriggan zombie (Geh:7)
  Dowan (D:6)
  13 killer bees
  8 howler monkeys
  46 wights
  An electric eel (D:14)
  A vampire bat (D:6)
  A troll skeleton (Geh:7)
  9 crimson imps
  3 giant frog zombies
  5 quasits
  9 centaur zombies
  A yaktaur simulacrum (Vaults:1)
  22 hounds
  21 orc priests
  5 human zombies
  43 jellies
  26 orc wizards
  9 centaur skeletons
  9 iguanas
  29 iron imps
  A giant frog skeleton (D:5)
  2 human skeletons
  13 worker ants
  41 sheep
  A naga zombie (Dis:7)
  A crocodile zombie (Crypt:2)
  2 naga skeletons
  An ogre skeleton (Tar:6)
  A crocodile skeleton (Crypt:2)
  65 mummies
  A tengu skeleton (Geh:6)
  A hound skeleton (D:6)
  3 worker ant zombies
  5 gnolls (D:8)
  A howler monkey skeleton (D:4)
  80 river rats
  15 adders
  A steam dragon skeleton (Crypt:2)
  14 shadow imps
  4 white imps
  7 ufetubi
  An ooze (D:1)
  2 worms
  5 dart slugs
  3 giant geckos
  97 orcs
  4 bat skeletons (D:6)
  7 giant cockroaches
  4 goblins
  4 hobgoblins
  7 jackals
  4 quokkas
  16 bats
  A dart slug zombie (Crypt:1)
  A giant gecko skeleton (D:4)
  10 giant newts
  3 jackal skeletons
  A jackal zombie (D:9)
  22 kobolds
  A kobold skeleton (Crypt:2)
  A kobold zombie (Tar:7)
  An orc zombie (D:8)
  2 quokka zombies
  6 rats
  A bush (Lair:8)
  3 fire vortices
  11 fungi
  A lurking horror (Abyss:3)
  9 plants
  20 starspawn tentacles
  9 tentacles
  A withered plant (D:14)
4791 creatures vanquished.

Vanquished Creatures (collateral kills)
  Antaeus (Coc:7)
  the Royal Jelly (Slime:6)
  3 Tzitzimimeh
  A Brimstone Fiend (Geh:7)
  A lich (Vaults:5)
  3 Ice Fiends (Coc:7)
  A titan (Vaults:5)
  An acid blob (Slime:6)
  A shadow dragon (Vaults:5)
  2 azure jellies (Slime:6)
  A fire giant (Slime:5)
  2 frost giants (Slime:5)
  A reaper (Coc:7)
  A war gargoyle (Vaults:5)
  A stone giant (Slime:3)
  A purple draconian (Slime:3)
  An ettin (Vaults:3)
  5 death oozes (Slime:6)
  A yaktaur captain (Vaults:5)
  A spriggan air mage (Depths:1)
  A dancing weapon (Elf:3)
  A deep troll (Vaults:5)
  A deep elf archer (Elf:3)
  An anubis guard (Tomb:1)
  A phantasmal warrior (Vaults:5)
  A hill giant (D:10)
  An ironbrand convoker (Vaults:5)
  A shining eye (Slime:6)
  5 ugly things
  A rust devil (Dis:7)
  A yaktaur (Depths:2)
  A boulder beetle (Vaults:5)
  6 spriggans
  A naga (Snake:4)
  A hell hound (Tar:2)
  3 wasps
  A spiny frog skeleton (Coc:7)
  3 wights (Coc:7)
  A jelly (Slime:6)
  2 mummies (Tomb:1)
  A white imp (Coc:7)
65 creatures vanquished.

Vanquished Creatures (others)
  2 titans
  A sphinx (Vaults:5)
  A frost giant (Depths:2)
  2 fire giants
  Louise (Shoals:3)
  2 deep elf elementalists
  A stone giant (Slime:2)
  An elemental wellspring (Coc:7)
  A deep elf annihilator (Elf:3)
  An ice dragon (Tomb:2)
  A centaur warrior (Vaults:3)
  2 deep elf knights
  A skeletal warrior (Tomb:2)
  5 death scarabs
  A giant orange brain (Vaults:5)
  A deep elf archer (Slime:5)
  An ironbrand convoker (Vaults:5)
  An anubis guard (Tomb:2)
  A frost giant zombie (Tomb:2)
  3 deep elf magi
  A hornet (shapeshifter) (Depths:2)
  A siren (Shoals:3)
  A faun (Shoals:3)
  A fire giant zombie (Tomb:3)
  A kobold demonologist (Vaults:3)
  A fire dragon zombie (Tomb:3)
  A snapping turtle (shapeshifter) (Abyss:3)
  7 flying skulls
  2 shadows
  A wyvern (Lair:7)
  A naga (Depths:3)
  A hell hound (Dis:5)
  2 slaves (D:6)
  An ogre (Vaults:5)
  2 centaurs
  A wight (Tar:1)
  An orc wizard (D:6)
  A worker ant (D:6)
  A sheep (Shoals:4)
  3 mummies (Tomb:2)
  3 orcs
  48 eldritch tentacle segments
  22 fungi
  8 lost souls
  A lurking horror (Abyss:2)
  23 plants
  23 starspawn tentacles
  224 starspawn tentacle segments
  13 tentacles
  477 tentacle segments
  A withered plant (D:14)
904 creatures vanquished.

Grand Total: 5760 creatures vanquished

Notes
Turn   | Place    | Note
--------------------------------------------------------------
     0 | D:1      | Ohli the Demonspawn Gladiator began the quest for the Orb.
     0 | D:1      | Reached XP level 1. HP: 16/16 MP: 1/1
    72 | D:1      | Gained mutation: When hurt, damage is shared between your health and your magic reserves. [demonic ancestry]
    72 | D:1      | Reached XP level 2. HP: 18/22 MP: 2/2
   441 | D:1      | Gained mutation: You regenerate a little health from kills. [demonic ancestry]
   441 | D:1      | Reached XP level 3. HP: 27/28 MP: 3/3
  1211 | D:3      | Found a deep blue altar of Sif Muna.
  1244 | D:3      | Reached XP level 4. HP: 32/35 MP: 4/4
  1406 | D:3      | Noticed Grinder
  1419 | D:3      | Paralysed by Grinder for 5 turns
  1433 | D:3      | Killed Grinder
  1433 | D:3      | Reached XP level 5. HP: 21/41 MP: 2/5
  1433 | D:3      | Gained mutation: You regenerate health from kills. [demonic ancestry]
  1433 | D:3      | Reached XP level 6. HP: 25/47 MP: 2/6
  1444 | D:3      | Noticed Ohli's ghost (amateur DsHu)
  2309 | D:4      | Found Pucituo's Armour Emporium.
  2324 | D:4      | Noticed Edmund
  2350 | D:4      | Killed Edmund
  2411 | D:4      | Found a staircase to the Ecumenical Temple.
  2449 | D:4      | Reached XP level 7. HP: 47/54 MP: 5/7
  2457 | Temple   | Entered the Ecumenical Temple
  2686 | D:4      | Found an iron altar of Okawaru.
  2693 | D:4      | Got a dazzling whip
  2694 | D:4      | Identified the +1 whip of Ogany {venom, +Fly rF+ rC+++ MR- Int-2} (You found it on level 4 of the Dungeon)
  2698 | D:4      | Became a worshipper of Warmaster Okawaru
  2819 | D:4      | Noticed Krovax1's ghost (amateur NaTm)
  2837 | D:4      | Killed Krovax1's ghost
  2958 | D:5      | Entered Level 5 of the Dungeon
  2997 | D:5      | Found an opulent altar of Gozag.
  3093 | D:5      | Reached skill level 1 in Armour
  3118 | D:5      | Found Virgh's Assorted Antiques.
  3120 | D:5      | Found a shattered altar of Ashenzari.
  3221 | D:5      | Reached skill level 5 in Fighting
  3231 | D:5      | Found a stormy altar of Qazlal.
  3241 | D:5      | Found Ycugeos's Weapon Shop.
  3250 | D:5      | Found Noiciopp's Food Shoppe.
  3262 | D:5      | Reached * piety under Okawaru
  3262 | D:5      | Gained mutation: You have large cloven feet. [demonic ancestry]
  3262 | D:5      | Reached XP level 8. HP: 48/62 MP: 6/8
  3263 | D:5      | Reached skill level 5 in Axes
  3270 | D:5      | Reached skill level 5 in Dodging
  3598 | D:6      | Noticed Sigmund
  3607 | D:6      | Killed Sigmund
  3658 | D:6      | Gained mutation: You evolve. [mutagenic meat]
  3659 | D:6      | Gained mutation: You are occasionally teleported next to monsters. [mutagenic meat]
  3660 | D:6      | Lost mutation: You are occasionally teleported next to monsters. [mutagenic meat]
  3661 | D:6      | Gained mutation: Your flesh is heat resistant. [mutagenic meat]
  3662 | D:6      | Gained mutation: You are resistant to electric shocks. [mutagenic meat]
  3663 | D:6      | Gained mutation: You passively map a small area around you. [mutagenic meat]
  3673 | D:6      | Noticed Duvessa
  3675 | D:6      | Noticed Dowan
  3711 | D:6      | Killed Dowan
  3721 | D:6      | Killed Duvessa
  3721 | D:6      | Reached ** piety under Okawaru
  3774 | D:6      | Found a sacrificial altar of Ru.
  3828 | D:6      | Noticed Pikel
  3849 | D:6      | Killed Pikel
  3849 | D:6      | Reached XP level 9. HP: 58/71 MP: 7/9
  3862 | D:6      | Noticed Menkaure
  3867 | D:6      | Killed Menkaure
  4365 | D:6      | Found a burning altar of Makhleb.
  4483 | D:6      | Found an ancient bone altar of Kikubaaqudgha.
  4701 | D:7      | Found a shimmering altar of Xom.
  4744 | D:7      | Reached *** piety under Okawaru
  4895 | D:7      | Reached skill level 5 in Armour
  5261 | D:7      | Found a glowing silver altar of Zin.
  5438 | D:8      | Got a dazzling hand axe
  5439 | D:8      | Identified the +4 hand axe of Paper {freeze, rPois Dex+3 SInv Stlth+} (You found it on level 8 of the Dungeon)
  5467 | D:8      | Found a snail-covered altar of Cheibriados.
  5524 | D:8      | Reached XP level 10. HP: 73/79 MP: 8/10
  5606 | D:8      | Reached **** piety under Okawaru
  5803 | D:8      | Found a basalt altar of Yredelemnul.
  6240 | D:8      | Reached ***** piety under Okawaru
  6299 | D:8      | Gained mutation: You are agile. (Dex +2) [mutagenic meat]
  6400 | D:9      | Received a gift from Okawaru
  6634 | D:9      | Found an oddly glowing altar of Pakellas.
  6634 | D:9      | Found Pakellas's Prime Provisions.
  6729 | D:9      | Noticed Erica
  6747 | D:9      | Killed Erica
  6747 | D:9      | Gained mutation: You have hoof-like feet. [demonic ancestry]
  6747 | D:9      | Reached XP level 11. HP: 86/87 MP: 9/11
  6810 | D:9      | Noticed a centaur warrior
  7208 | D:9      | Killed a centaur warrior
  7208 | D:9      | Received a gift from Okawaru
  7317 | D:10     | Entered Level 10 of the Dungeon
  7539 | D:10     | Noticed Ohli's ghost (novice DsHu)
  7584 | D:10     | Killed Ohli's ghost
  7600 | D:10     | Found a staircase to the Orcish Mines.
  7616 | D:10     | Found a roughly hewn altar of Beogh.
  7768 | D:10     | Noticed a hill giant
  7778 | D:10     | Killed a hill giant
  7849 | D:11     | Noticed a hill giant
  8296 | D:11     | Noticed a six-headed hydra
  8300 | D:11     | Killed an eight-headed hydra
  8335 | D:11     | Received a gift from Okawaru
  8390 | D:11     | Killed a hill giant
  8598 | D:11     | Found a staircase to the Lair.
  9027 | D:11     | Found a portal to a secret trove of treasure.
  9117 | Lair:1   | Entered Level 1 of the Lair of Beasts
  9341 | Lair:1   | Reached XP level 12. HP: 80/95 MP: 9/12
  9452 | Lair:1   | Gained mutation: You are partially covered in icy blue scales (AC +1). [evolution]
  9971 | Lair:2   | Noticed Nergalle
 10000 | Lair:2   | Noticed Sonja
 10031 | Lair:2   | Killed Sonja
 10031 | Lair:2   | Reached skill level 10 in Axes
 10122 | Lair:2   | Reached skill level 10 in Dodging
 10131 | Lair:2   | Reached ****** piety under Okawaru
 10163 | Lair:2   | Received a gift from Okawaru
 10194 | Lair:2   | Got a smoking broad axe {god gift}
 10195 | Lair:2   | Identified the +0 broad axe "Hellblazer" {drain, Dex+4} (Okawaru gifted it to you on level 2 of the Lair of Beasts)
 10291 | Lair:2   | Killed Nergalle
 10794 | Lair:3   | Noticed SneakyProgrammer's ghost (journeyman DDFi)
 10829 | Lair:3   | Killed SneakyProgrammer's ghost
 10829 | Lair:3   | Reached skill level 10 in Armour
 10833 | Lair:3   | Noticed an eight-headed hydra
 10842 | Lair:3   | Killed an 11-headed hydra
 10961 | Lair:3   | Noticed Fannar
 11005 | Lair:3   | Killed Fannar
 11005 | Lair:3   | Reached skill level 1 in Invocations
 11524 | Lair:3   | Found a staircase to the Shoals.
 11715 | Lair:3   | Gained mutation: You have an increased reservoir of magic (+10% MP). [evolution]
 11715 | Lair:3   | Lost mutation: You evolve. [end of evolution]
 12099 | Lair:3   | Noticed a six-headed hydra
 12106 | Lair:3   | Killed a nine-headed hydra
 12106 | Lair:3   | Received a gift from Okawaru
 12446 | D:12     | Gained mutation: You have hooves in place of feet. [demonic ancestry]
 12446 | D:12     | Reached XP level 13. HP: 101/101 MP: 14/16
 12749 | D:12     | Received a gift from Okawaru
 13333 | D:13     | Reached skill level 5 in Invocations
 13437 | D:13     | Found a gate to the Vaults.
 13537 | D:13     | Found Ziptaer's Food Emporium.
 14098 | D:14     | Received a gift from Okawaru
 14389 | D:14     | Found Ujiw's Book Shop.
 14798 | D:14     | Gained mutation: You are mostly covered in icy blue scales (AC +3, EV -1). [demonic ancestry]
 14798 | D:14     | Reached XP level 14. HP: 88/108 MP: 7/22
 14888 | D:15     | Entered Level 15 of the Dungeon
 15172 | D:15     | Received a gift from Okawaru
 15279 | D:15     | Paralysed by an ogre mage for 4 turns
 15293 | D:15     | Reached skill level 10 in Invocations
 15295 | D:15     | Found a staircase to the Depths.
 15395 | D:15     | Noticed aves's ghost (adept VSFi)
 15406 | D:15     | Killed aves's ghost
 15820 | Orc:1    | Entered Level 1 of the Orcish Mines
 16421 | Orc:2    | Entered Level 2 of the Orcish Mines
 16435 | Orc:2    | Found a roughly hewn altar of Beogh.
 16446 | Orc:2    | Received a gift from Okawaru
 16474 | Orc:2    | Found a dark tunnel.
 16482 | Volcano  | Entered a volcano
 16720 | Orc:2    | Noticed an orc warlord
 16883 | Orc:2    | Found a staircase to the Elven Halls.
 16938 | Orc:1    | Killed an orc warlord
 17081 | Orc:2    | Found a roughly hewn altar of Beogh.
 17185 | Orc:2    | Found a roughly hewn altar of Beogh.
 17216 | Orc:2    | Found Funela's Antique Weapon Emporium.
 17289 | Orc:2    | Found a roughly hewn altar of Beogh.
 17297 | Orc:2    | Found Oneureulay's Jewellery Boutique.
 17497 | Orc:2    | Found Unoul's Antique Armour Boutique.
 17500 | Orc:2    | Found Ryomuoci's Antique Weapon Shop.
 17500 | Orc:2    | Found a roughly hewn altar of Beogh.
 17854 | Lair:4   | You fall through a shaft for 3 floors!
 18285 | Lair:7   | Found a staircase to the Slime Pits.
 18606 | Lair:8   | Entered Level 8 of the Lair of Beasts
 18606 | Lair:8   | Found a labyrinth entrance.
 18618 | Lab      | Entered a labyrinth
 19044 | Lair:8   | Received a gift from Okawaru
 19044 | Lair:8   | Reached XP level 15. HP: 100/113 MP: 20/25
 19174 | Lair:8   | Noticed Snorg
 19178 | Lair:8   | Noticed Maud
 19213 | Lair:7   | Killed Snorg
 19343 | Lair:8   | Killed Maud
 19343 | Lair:8   | Received a gift from Okawaru
 19991 | Lair:8   | Got a smoking ring mail
 20002 | Lair:8   | Identified the +1 ring mail "Peh Siu" {rF++ MP+9 Str+3 Dex-5} (You found it on level 8 of the Lair of Beasts)
 20410 | Lair:6   | Noticed Nessos
 20652 | Lair:5   | Received a gift from Okawaru
 21545 | Lair:4   | Got a polished chain mail
 21556 | Lair:4   | Identified the +6 chain mail of Hangman {rElec rCorr} (You found it on level 4 of the Lair of Beasts)
 21766 | Lair:4   | Found a staircase to the Snake Pit.
 22616 | Lair:6   | Reached skill level 15 in Axes
 22813 | Lair:6   | Killed Nessos
 23162 | Snake:1  | Entered Level 1 of the Snake Pit
 23190 | Snake:1  | Gained mutation: You are completely covered in icy blue scales (AC +4, EV -1, rC+). [demonic ancestry]
 23190 | Snake:1  | Reached XP level 16. HP: 62/120 MP: 6/26
 23737 | Snake:1  | Found a runed door.
 23934 | Snake:1  | Received a gift from Okawaru
 24543 | Snake:2  | Noticed Wiglaf
 25004 | Snake:2  | Reached skill level 15 in Armour
 25007 | Snake:2  | Killed Wiglaf
 25465 | Shoals:1 | Entered Level 1 of the Shoals
 25780 | Shoals:1 | Received a gift from Okawaru
 26380 | Shoals:2 | Mutation became permanent: You are completely covered in icy blue scales (AC +4, EV -1, rC+). [demonic ancestry]
 26380 | Shoals:2 | Reached XP level 17. HP: 108/125 MP: 23/28
 26381 | Shoals:2 | Reached skill level 1 in Evocations
 26528 | Shoals:2 | Got a fine shield
 26535 | Shoals:2 | Identified the cursed +0 shield of Rouxem {+Blink +Fly rCorr Stlth-} (You found it on level 2 of the Shoals)
 26642 | Shoals:2 | Noticed Polyphemus
 26812 | Shoals:2 | Killed Polyphemus
 27216 | Shoals:3 | Noticed Nikola
 27220 | Shoals:3 | Noticed Louise
 27223 | Shoals:3 | Killed Louise
 27237 | Shoals:3 | Killed Nikola
 27237 | Shoals:3 | Received a gift from Okawaru
 27394 | Shoals:3 | Reached skill level 5 in Evocations
 27644 | Shoals:4 | Entered Level 4 of the Shoals
 28295 | Shoals:4 | Got a barnacled rune of Zot
 28337 | Shoals:4 | Noticed Ilsuiw
 28513 | Shoals:4 | Killed Ilsuiw
 28513 | Shoals:4 | Received a gift from Okawaru
 29309 | Snake:3  | Reached XP level 18. HP: 123/132 MP: 23/29
 29383 | Snake:3  | Received a gift from Okawaru
 29389 | Snake:3  | Got an ichor-stained chain mail {god gift}
 29409 | Snake:3  | Identified the +0 chain mail of Hadyoss {-Cast +Blink rElec rCorr} (Okawaru gifted it to you on level 3 of the Snake Pit)
 29518 | Snake:3  | Found an oddly glowing altar of Pakellas.
 30030 | Snake:3  | Reached skill level 10 in Evocations
 30495 | Snake:4  | Entered Level 4 of the Snake Pit
 30599 | Snake:4  | Received a gift from Okawaru
 30638 | Snake:4  | Noticed Aizul
 30805 | Snake:4  | Killed Aizul
 30959 | Snake:4  | Noticed Mara
 30967 | Snake:4  | Received a gift from Okawaru
 30976 | Snake:4  | Killed Mara
 31029 | Snake:4  | Got a serpentine rune of Zot
 31161 | Snake:4  | Got a bloodstained chain mail
 31172 | Snake:4  | Identified the +1 chain mail of the Princeling {*Contam Int+4 Dex+3} (You found it on level 4 of the Snake Pit)
 31186 | Snake:4  | Gained mutation: You tend to lose your temper in combat. [mutagenic glow]
 31194 | Snake:4  | Noticed Agnes
 31205 | Snake:4  | Killed Agnes
 31325 | Snake:4  | Gained mutation: You regenerate magic rapidly. [demonic ancestry]
 31325 | Snake:4  | Reached XP level 19. HP: 138/138 MP: 26/30
 31764 | Vaults:1 | Entered Level 1 of the Vaults
 32196 | Vaults:1 | Noticed a lich
 32214 | Vaults:1 | Killed a lich
 32219 | Vaults:1 | Received a gift from Okawaru
 32232 | Vaults:1 | Got a transparent broad axe {god gift}
 32233 | Vaults:1 | Identified the +0 broad axe of Exhibitionism {drain, rN+} (Okawaru gifted it to you on level 1 of the Vaults)
 33186 | Vaults:2 | Received a gift from Okawaru
 33457 | Vaults:2 | Got an encrusted hand crossbow
 33458 | Vaults:2 | Identified the +6 hand crossbow "Ryjouss" {elec, MP+9 Stlth+} (You found it on level 2 of the Vaults)
 33511 | Vaults:2 | Received a gift from Okawaru
 34148 | Vaults:3 | Received a gift from Okawaru
 34241 | Vaults:3 | Gained mutation: Your flesh is cold resistant. [demonic ancestry]
 34241 | Vaults:3 | Reached XP level 20. HP: 135/144 MP: 29/33
 34579 | Vaults:3 | Reached skill level 15 in Invocations
 34738 | Vaults:3 | Found a staircase to the Crypt.
 35530 | Vaults:4 | Received a gift from Okawaru
 35613 | Vaults:4 | Noticed a Tzitzimitl
 36548 | Elf:1    | Entered Level 1 of the Elven Halls
 36689 | Elf:1    | Found a radiant altar of Vehumet.
 36722 | Elf:1    | Found Metacw's Magic Scroll Shop.
 36801 | Elf:1    | Found Yzxiet's Weapon Emporium.
 36955 | Elf:1    | Found Kusamp's Assorted Antiques.
 36973 | Elf:1    | Bought a scroll of identify for 62 gold pieces
 36973 | Elf:1    | Bought a scroll of identify for 62 gold pieces
 36973 | Elf:1    | Identified a scroll of acquirement
 37064 | Elf:1    | Found a gateway to a bazaar.
 37074 | Elf:1    | Found Duddevve's Jewellery Shop.
 37085 | Bazaar   | Entered a bazaar
 37085 | Bazaar   | Found Nebefouz's Weapon Boutique.
 37085 | Bazaar   | Found Buqous's Food Shoppe.
 37085 | Bazaar   | Found Jaivve's Distillery.
 37087 | Bazaar   | Found Nishrieki's Food Emporium.
 37087 | Bazaar   | Found Haruurph Pina's Food Shop.
 37119 | Bazaar   | Bought a potion of heal wounds for 75 gold pieces
 37119 | Bazaar   | Bought a potion of curing for 45 gold pieces
 37119 | Bazaar   | Bought a potion of berserk rage for 75 gold pieces
 37119 | Bazaar   | Bought a potion of curing for 45 gold pieces
 37119 | Bazaar   | Bought a potion of heal wounds for 75 gold pieces
 37119 | Bazaar   | Bought a potion of might for 60 gold pieces
 37119 | Bazaar   | Bought a potion of curing for 45 gold pieces
 37128 | Bazaar   | Bought a meat ration for 45 gold pieces
 37128 | Bazaar   | Bought a bread ration for 45 gold pieces
 37131 | Bazaar   | Bought a bread ration for 35 gold pieces
 37131 | Bazaar   | Bought a bread ration for 35 gold pieces
 37131 | Bazaar   | Bought a bread ration for 35 gold pieces
 37149 | Elf:1    | Bought a +4 ring of strength for 432 gold pieces
 37413 | Elf:2    | Received a gift from Okawaru
 37427 | Elf:2    | Got a smoking executioner's axe {god gift}
 37428 | Elf:2    | Identified the +9 executioner's axe of Modesty {antimagic, Str+4} (Okawaru gifted it to you on level 2 of the Elven Halls)
 37578 | Elf:2    | Found Qodgh's Jewellery Emporium.
 37873 | Elf:2    | Found a huge runed gate.
 37873 | Elf:2    | Found a huge runed gate.
 37873 | Elf:2    | Found a huge runed gate.
 37873 | Elf:2    | Found a huge runed gate.
 37874 | Elf:2    | Found a huge runed gate.
 38009 | Elf:2    | Reached XP level 21. HP: 148/148 MP: 12/37
 38684 | Elf:3    | Entered Level 3 of the Elven Halls
 38767 | Elf:3    | HP: 7/150 [poisoned by a glaive of venom]
 38772 | Elf:3    | HP: 7/150 [poisoned by a glaive of venom]
 39089 | Elf:3    | Found a magical portal.
 39099 | WizLab   | Entered Wucad Mu's Monastery
 39651 | Elf:3    | Found Sanuny's Assorted Antiques.
 39782 | Elf:3    | Received a gift from Okawaru
 40297 | Elf:3    | Cast into level 2 of the Abyss (a deep elf demonologist)
 40297 | Abyss:2  | Found a corrupted altar of Lugonu.
 40416 | Abyss:2  | Paralysed by accursed screaming for 1 turns
 40473 | Abyss:2  | Lost mutation: You have an increased reservoir of magic (+10% MP). [a cacodemon]
 40538 | Elf:3    | Escaped the Abyss
 40546 | Elf:3    | Reached skill level 10 in Fighting
 41078 | Elf:3    | Got a transparent platinum ring
 41080 | Elf:3    | Identified the ring "Makas" {*Contam rElec rC+ MP+9} (You took it off a deep elf demonologist on level 3 of the Elven Halls)
 41130 | Elf:3    | Got a brightly glowing arbalest
 41131 | Elf:3    | Identified the cursed +2 arbalest "Xoelu" {venom, Str+6 Int+4 Dex+4} (You found it on level 3 of the Elven Halls)
 41604 | Crypt:1  | Entered Level 1 of the Crypt
 42947 | Crypt:2  | Gained mutation: You are immune to freezing clouds. [demonic ancestry]
 42947 | Crypt:2  | Reached XP level 22. HP: 134/161 MP: 35/35
 43015 | Crypt:2  | Received a gift from Okawaru
 43044 | Crypt:2  | Got a crude morningstar {vamp}
 43060 | Crypt:2  | Identified the +9 morningstar of Absolution {vamp, *Rage MP+9 Str+5} (You took it off a guardian mummy on level 2 of the Crypt)
 43380 | Crypt:2  | Noticed a greater mummy
 43408 | Crypt:2  | Killed a greater mummy
 43523 | Crypt:2  | Noticed a greater mummy
 43904 | Crypt:2  | Killed a greater mummy
 44019 | Crypt:3  | Entered Level 3 of the Crypt
 44397 | Crypt:3  | Reached skill level 1 in Shields
 44405 | Crypt:3  | Found a basalt altar of Yredelemnul.
 44405 | Crypt:3  | Noticed an ancient lich
 44411 | Crypt:3  | Cast into level 5 of the Abyss (an ancient lich)
 44411 | Abyss:5  | Entered Level 5 of the Abyss
 44411 | Abyss:5  | Found a corrupted altar of Lugonu.
 44486 | Crypt:3  | Escaped the Abyss
 44511 | Crypt:3  | Killed an ancient lich
 44536 | Crypt:3  | Received a gift from Okawaru
 44555 | Crypt:3  | Got a faintly glowing graven amulet
 44559 | Crypt:3  | Identified the amulet "Xaas" {rC+ Regen+ MP+9 Int+2 Dex-3} (You found it on level 3 of the Crypt)
 44561 | Crypt:3  | Got a sparkling brass ring
 44563 | Crypt:3  | Identified the ring "Uhataedgh" {*Confuse rN+ Dex+6} (You found it on level 3 of the Crypt)
 44565 | Crypt:3  | Got a brightly glowing copper ring
 44567 | Crypt:3  | Identified the ring of Pessimism {rF+ rN+} (You found it on level 3 of the Crypt)
 44734 | Crypt:3  | Received a gift from Okawaru
 44846 | Crypt:3  | Found a staircase to the Tomb.
 45174 | Crypt:3  | Got a transparent ring mail
 45185 | Crypt:3  | Identified the +5 ring mail of Royalty {+Fly rN++ Stlth-} (You found it on level 3 of the Crypt)
 45450 | Crypt:1  | Found a basalt altar of Yredelemnul.
 45797 | Depths:1 | Entered Level 1 of the Depths
 45861 | Depths:1 | Paralysed by a great orb of eyes for 7 turns
 46080 | Depths:1 | Found a one-way gate leading to the halls of Pandemonium.
 46129 | Depths:1 | Gained mutation: You regenerate a lot of health from kills. [demonic ancestry]
 46129 | Depths:1 | Reached XP level 23. HP: 167/168 MP: 36/36
 46168 | Depths:1 | Found a gateway to Hell.
 46258 | Depths:1 | Noticed the Enchantress
 46283 | Depths:1 | Killed the Enchantress
 46310 | Depths:1 | Got a faerie dragon armour
 46321 | Depths:1 | Identified the +1 faerie dragon armour {rPois MP-9 Int+4} (You took it off the Enchantress on level 1 of the Depths)
 46681 | Vaults:5 | Entered Level 5 of the Vaults
 46693 | Vaults:5 | Received a gift from Okawaru
 46694 | Vaults:5 | Reached skill level 5 in Shields
 46703 | Vaults:5 | Received a gift from Okawaru
 46757 | Vaults:5 | Paralysed by a sphinx for 3 turns
 46812 | Vaults:5 | Received a gift from Okawaru
 46842 | Vaults:5 | Got a dazzling broad axe {god gift}
 46880 | Vaults:4 | Identified the +6 broad axe "Muanausch" {chop, MR++} (Okawaru gifted it to you on level 5 of the Vaults)
 46924 | Vaults:5 | Cast into level 3 of the Abyss (a deep elf sorcerer)
 46932 | Abyss:3  | Found a bloodstained altar of Trog.
 46951 | Vaults:5 | Escaped the Abyss
 46952 | Vaults:5 | Got a scorched war axe {god gift}
 47327 | Vaults:5 | Reached skill level 15 in Dodging
 47353 | Vaults:5 | Received a gift from Okawaru
 47418 | Vaults:5 | Gained mutation: When low on magic, you restore magic in place of health. [demonic ancestry]
 47418 | Vaults:5 | Reached XP level 24. HP: 150/180 MP: 36/36
 47493 | Vaults:5 | Got a warped amber ring
 47495 | Vaults:5 | Identified the ring of Vum Pama {*Corrode rF++ rC+++ MP+9} (You found it on level 5 of the Vaults)
 47528 | Vaults:5 | Identified the +8 war axe "Vuysyl" {speed, rElec rN+} (Okawaru gifted it to you on level 5 of the Vaults)
 47592 | Vaults:5 | Got a pair of smoking gloves
 47603 | Vaults:5 | Identified the cursed +0 pair of gloves of Unreason {rElec rC+ Dex-2} (You found it on level 5 of the Vaults)
 47816 | Vaults:5 | Got an ichor-stained scale mail
 47827 | Vaults:5 | Identified the +6 scale mail of Zukh {Str+4} (You found it on level 5 of the Vaults)
 48084 | Vaults:5 | Got a silver rune of Zot
 48332 | Vaults:5 | Paralysed by an orc warrior for 4 turns
 48402 | Vaults:5 | Found Hicoro's Book Shop.
 48983 | D:6      | Fell from the grace of Okawaru
 48983 | D:6      | Became a worshipper of Makhleb the Destroyer
 49789 | Slime:1  | Entered Level 1 of the Pits of Slime
 49799 | Slime:1  | Gained mutation: Your magical capacity is low (-10% MP). [a shining eye]
 49801 | Slime:1  | Gained mutation: Armour fits poorly on your strangely shaped body. [a shining eye]
 49803 | Slime:1  | Gained mutation: Scrolls take you a little longer to read. [a shining eye]
 49803 | Slime:1  | Gained mutation: Your body sometimes deteriorates upon taking damage. [a shining eye]
 49806 | Slime:1  | Gained mutation: You occasionally shout uncontrollably at your foes. [a shining eye]
 49810 | Slime:1  | Gained mutation: Your magical capacity is very low (-20% MP). [a shining eye]
 49817 | Slime:1  | Found a viscous altar of Jiyva.
 50047 | Slime:2  | Reached * piety under Makhleb
 50899 | Slime:3  | Reached ** piety under Makhleb
 51468 | Slime:4  | Gained mutation: Your body often deteriorates upon taking damage. [a shining eye]
 51699 | Slime:5  | Gained mutation: Scrolls take you longer to read. [a shining eye]
 51839 | Slime:5  | Reached *** piety under Makhleb
 51936 | Slime:4  | Lost mutation: Scrolls take you longer to read. [a shining eye]
 51940 | Slime:4  | Gained mutation: Your magical capacity is extremely low (-30% MP). [a shining eye]
 52567 | Slime:5  | Lost mutation: You are agile. (Dex +2) [a shining eye]
 52797 | Slime:6  | Entered Level 6 of the Pits of Slime
 52839 | Slime:6  | Reached **** piety under Makhleb
 52929 | Slime:6  | Gained mutation: You are weak. (Str -2) [a shining eye]
 52934 | Slime:6  | Gained mutation: You are very weak. (Str -4) [a shining eye]
 52943 | Slime:6  | Gained mutation: You are frail (-10% HP). [a shining eye]
 53026 | Slime:6  | Reached skill level 15 in Fighting
 53233 | Slime:6  | Reached ***** piety under Makhleb
 53353 | Slime:6  | Noticed the Royal Jelly
 53370 | Slime:6  | Hired Caant the deep elf mage for 559 gold.
 53375 | Slime:6  | Killed the Royal Jelly
 53375 | Slime:6  | Your ally Caant died
 54384 | Slime:6  | Reached skill level 10 in Shields
 54384 | Slime:6  | Gained mutation: A frigid envelope surrounds you and freezes all who hurt you. [demonic ancestry]
 54384 | Slime:6  | Reached XP level 25. HP: 173/173 MP: 25/25
 54399 | Slime:6  | Got a distressingly furry ring mail
 54420 | Slime:6  | Identified the cursed +1 ring mail "Foph" {rF++ Int+6 Dex-5} (You found it on level 6 of the Pits of Slime)
 54462 | Slime:6  | Gained mutation: Potions and wands are less effective at restoring your health. [a shining eye]
 54480 | Slime:6  | Got a slimy rune of Zot
 54510 | Slime:6  | Got a spiked buckler
 54565 | Slime:6  | Got a glittering platinum amulet
 54567 | Slime:6  | Identified the amulet "Bekyhagi" {RegenMP MR+ Str+3} (You found it on level 6 of the Pits of Slime)
 54593 | Slime:6  | Lost mutation: Potions and wands are less effective at restoring your health. [potion of cure mutation]
 54593 | Slime:6  | Lost mutation: Scrolls take you a little longer to read. [potion of cure mutation]
 54593 | Slime:6  | Lost mutation: You are very weak. (Str -4) [potion of cure mutation]
 54593 | Slime:6  | Lost mutation: You tend to lose your temper in combat. [potion of cure mutation]
 54593 | Slime:6  | Lost mutation: Your body often deteriorates upon taking damage. [potion of cure mutation]
 54593 | Slime:6  | Lost mutation: Your body sometimes deteriorates upon taking damage. [potion of cure mutation]
 54594 | Slime:6  | Gained mutation: You are agile. (Dex +2) [potion of mutation]
 54595 | Slime:6  | Lost mutation: Your magical capacity is extremely low (-30% MP). [potion of mutation]
 54596 | Slime:6  | Gained mutation: Your flesh is very heat resistant. [potion of mutation]
 54597 | Slime:6  | Lost mutation: Armour fits poorly on your strangely shaped body. [potion of mutation]
 54597 | Slime:6  | Gained mutation: You are very agile. (Dex +4) [potion of mutation]
 54598 | Slime:6  | Lost mutation: Your magical capacity is very low (-20% MP). [potion of mutation]
 54598 | Slime:6  | Gained mutation: You evolve. [potion of mutation]
 54599 | Slime:6  | Gained mutation: You are very frail (-20% HP). [potion of mutation]
 55268 | Depths:2 | Reached XP level 26. HP: 160/160 MP: 33/33
 55363 | Depths:2 | Lost mutation: You are resistant to electric shocks. [mutagenic meat]
 55366 | Depths:2 | Lost mutation: You are weak. (Str -2) [mutagenic meat]
 55426 | Depths:2 | Got a spiked helmet
 55432 | Depths:2 | Identified the +1 helmet of Kanoyrol {MP+9} (You found it on level 2 of the Depths)
 55495 | Depths:2 | Gained mutation: Your system is resistant to poisons. [evolution]
 56010 | Depths:2 | Lost mutation: Your magical capacity is low (-10% MP). [mutagenic meat]
 56011 | Depths:2 | Lost mutation: You occasionally shout uncontrollably at your foes. [mutagenic meat]
 56013 | Depths:2 | Lost mutation: You are very frail (-20% HP). [mutagenic meat]
 56014 | Depths:2 | Lost mutation: You evolve. [mutagenic meat]
 56015 | Depths:2 | Gained mutation: Your flesh is very cold resistant. [mutagenic meat]
 56016 | Depths:2 | Gained mutation: You have a pair of small horns on your head. [mutagenic meat]
 56401 | Depths:3 | Noticed a juggernaut
 56410 | Depths:3 | Killed a juggernaut
 56671 | Depths:3 | Noticed Boris
 56675 | Depths:3 | Gained mutation: You are resistant to hostile enchantments. [mutagenic meat]
 56691 | Depths:3 | Killed Boris
 56706 | Depths:3 | Gained mutation: You possess an exceptional clarity of mind. [mutagenic meat]
 56708 | Depths:3 | Lost mutation: You are very agile. (Dex +4) [mutagenic meat]
 56709 | Depths:3 | Lost mutation: You are agile. (Dex +2) [mutagenic meat]
 56756 | Depths:3 | Reached ****** piety under Makhleb
 56820 | Depths:3 | Got a twisted plate armour
 56831 | Depths:3 | Identified the +10 plate armour "Dybb" {rPois Int+4} (You found it on level 3 of the Depths)
 57065 | Depths:3 | Hired Qyzur the naga for 172 gold.
 57076 | Depths:3 | Lost mutation: You are frail (-10% HP). [mutagenic meat]
 57078 | Depths:3 | Lost mutation: Your flesh is very cold resistant. [mutagenic meat]
 57245 | Depths:3 | Noticed a juggernaut
 57258 | Depths:3 | Killed a juggernaut
 57304 | Depths:3 | Found a one-way gate to the infinite horrors of the Abyss.
 57620 | Depths:3 | Was forgiven by Okawaru
 57623 | Depths:3 | Your ally Qyzur died
 57849 | Depths:3 | Found Orasap's Armour Shoppe.
 57849 | Depths:3 | Found Vugh's Weapon Boutique.
 57850 | Depths:3 | Found Jest's Distillery.
 57850 | Depths:3 | Found Cuptint's Armour Emporium.
 57860 | Depths:3 | Bought a potion of heal wounds for 75 gold pieces
 57860 | Depths:3 | Bought a potion of agility for 60 gold pieces
 57860 | Depths:3 | Bought 2 potions of mutation for 75 gold pieces
 57860 | Depths:3 | Bought a potion of agility for 60 gold pieces
 58121 | Depths:4 | Found Zeichina's Armour Boutique.
 58141 | Depths:4 | Lost mutation: Your flesh is very heat resistant. [potion of mutation]
 58141 | Depths:4 | Gained mutation: You passively map the area around you. [potion of mutation]
 58141 | Depths:4 | Gained mutation: You are clumsy. (Dex -2) [potion of mutation]
 58142 | Depths:4 | Lost mutation: You are resistant to hostile enchantments. [potion of mutation]
 58142 | Depths:4 | Gained mutation: Your mind is acute. (Int +2) [potion of mutation]
 58142 | Depths:4 | Gained mutation: You are resistant to electric shocks. [potion of mutation]
 58144 | Depths:4 | Lost mutation: You passively map the area around you. [mutagenic meat]
 58175 | Depths:4 | Gained mutation: You passively map the area around you. [mutagenic meat]
 58177 | Depths:4 | Lost mutation: Your flesh is heat resistant. [mutagenic meat]
 58269 | Depths:4 | Reached XP level 27. HP: 212/212 MP: 36/36
 58877 | Depths:4 | Got a polished helmet
 58878 | Depths:4 | Identified the cursed -2 helmet of the Ward {+Inv rElec rF+ Str+4} (You found it on level 4 of the Depths)
 58939 | Depths:4 | Gained mutation: Your body sometimes deteriorates upon taking damage. [mutagenic glow]
 59377 | Depths:5 | Entered Level 5 of the Depths
 59548 | Depths:5 | Found a gate to the Realm of Zot.
 59586 | Depths:5 | Found a gateway to a ziggurat.
 60147 | Zot:1    | Entered Level 1 of the Realm of Zot
 63345 | Depths:4 | Voluntarily entered the Abyss.
 63517 | Abyss:2  | Paralysed by a great orb of eyes for 3 turns
 64660 | Abyss:3  | Gained mutation: You are frail (-10% HP). [a neqoxec]
 64666 | Abyss:3  | Lost mutation: Your mind is acute. (Int +2) [a neqoxec]
 64715 | Depths:4 | Escaped the Abyss
 65013 | Hell     | Entered the Vestibule of Hell
 65013 | Hell     | Noticed Geryon
 65033 | Hell     | Killed Geryon
 65158 | Hell     | Found a gateway to the Iron City of Dis.
 65227 | Hell     | Found a gateway to the freezing wastes of Cocytus.
 65350 | Hell     | Found a gateway to the decaying netherworld of Tartarus.
 65397 | Hell     | Found a gateway to the ashen valley of Gehenna.
 66356 | Geh:1    | Entered Level 1 of Gehenna
 66676 | Geh:7    | Entered Level 7 of Gehenna
 66787 | Geh:7    | Noticed the Serpent of Hell
 66807 | Geh:7    | Killed the Serpent of Hell
 67963 | Geh:7    | Noticed Asmodeus
 68001 | Geh:7    | Killed Asmodeus
 68077 | Geh:7    | Got an obsidian rune of Zot
 68325 | Depths:4 | Voluntarily entered the Abyss.
 68546 | Abyss:1  | Noticed an ancient lich
 68547 | Abyss:1  | Found a corrupted altar of Lugonu.
 68549 | Abyss:1  | Paralysed by an ancient lich for 2 turns
 68558 | Abyss:1  | Killed an ancient lich
 69102 | Abyss:5  | Entered Level 5 of the Abyss
 69105 | Abyss:5  | Found a corrupted altar of Lugonu.
 69280 | Abyss:5  | Paralysed by accursed screaming for 2 turns
 69289 | Abyss:5  | Paralysed by accursed screaming for 2 turns
 69329 | Abyss:5  | Got an abyssal rune of Zot
 69395 | Depths:4 | Escaped the Abyss
 69480 | Dis:1    | Entered Level 1 of the Iron City of Dis
 69760 | Dis:1    | Gained mutation: Your mind is acute. (Int +2) [potion of mutation]
 69760 | Dis:1    | Lost mutation: Your body sometimes deteriorates upon taking damage. [potion of mutation]
 69760 | Dis:1    | Gained mutation: Your body sometimes deteriorates upon taking damage. [potion of mutation]
 70524 | Dis:7    | Entered Level 7 of the Iron City of Dis
 71309 | Dis:7    | Reached skill level 27 in Axes
 71672 | Dis:7    | Got a twisted triple sword
 71673 | Dis:7    | Identified the +10 triple sword "Ogre's Demise" {distort, rF+ MR- MP+9} (You found it on level 7 of the Iron City of Dis)
 72268 | Dis:7    | Noticed Dispater
 72317 | Dis:7    | Killed Dispater
 72614 | Dis:7    | Got a glittering pewter amulet
 72653 | Dis:7    | Got an iron rune of Zot
 72872 | Hell     | Identified the amulet of Qytt {Dismiss rElec rPois Dex+2 Slay+3} (You took it off a skeletal warrior on level 7 of the Iron City of Dis)
 72893 | Coc:1    | Entered Level 1 of Cocytus
 73066 | Coc:1    | You fall through a shaft!
 73595 | Coc:7    | Entered Level 7 of Cocytus
 73691 | Coc:7    | Noticed Antaeus
 73882 | Coc:7    | Got an icy rune of Zot
 74136 | Coc:7    | Killed Antaeus
 74718 | Coc:7    | Got a bound tin ring
 74750 | Coc:7    | Got a smoking halberd
 74755 | Coc:7    | Identified the ring of Tayppokk {rN+ AC+6 Int+6} (You found it on level 7 of Cocytus)
 75504 | Tomb:1   | Entered Level 1 of the Tomb of the Ancients
 75561 | Tomb:1   | Lost mutation: You passively map the area around you. [potion of mutation]
 75561 | Tomb:1   | Gained mutation: Your natural rate of healing is unusually fast. [potion of mutation]
 75888 | Tomb:1   | Noticed a greater mummy
 75919 | Tomb:1   | Killed a greater mummy
 75920 | Tomb:1   | Noticed a greater mummy
 75980 | Tomb:1   | Killed a greater mummy
 76020 | Tomb:1   | Noticed a greater mummy
 76099 | Tomb:1   | Gained mutation: You occasionally shout uncontrollably at your foes. [a neqoxec]
 76624 | Tomb:1   | Killed a greater mummy
 76811 | Tomb:2   | Noticed a greater mummy
 76811 | Tomb:2   | Noticed a greater mummy
 76811 | Tomb:2   | Noticed a greater mummy
 76811 | Tomb:2   | Noticed a greater mummy
 77099 | Tomb:1   | Killed a greater mummy
 77197 | Tomb:1   | Killed a greater mummy
 77251 | Tomb:1   | Killed a greater mummy
 77899 | Tomb:1   | Noticed a greater mummy
 77899 | Tomb:1   | Noticed a greater mummy
 77900 | Tomb:1   | Noticed a greater mummy
 77900 | Tomb:1   | Noticed a greater mummy
 77900 | Tomb:1   | Noticed a greater mummy
 77900 | Tomb:1   | Noticed a greater mummy
 77913 | Tomb:2   | Killed a greater mummy
 78022 | Tomb:1   | Noticed a greater mummy
 78023 | Tomb:1   | Noticed a greater mummy
 78239 | Tomb:1   | Noticed a greater mummy
 78382 | Tomb:1   | Noticed a greater mummy
 78391 | Tomb:2   | Killed a greater mummy
 79513 | Slime:6  | Identified the cursed +0 buckler "Iclueso" {Str+4} (You found it on level 6 of the Pits of Slime)
 79840 | D:11     | You paid a toll of 19 potions of curing to enter a treasure trove
 79841 | Trove    | Entered a treasure trove
 79853 | Trove    | Got a brightly glowing hand axe
 79859 | Trove    | Identified the +4 hand axe "Enweutro" {freeze, rPois rN+} (You found it in a treasure trove)
 79862 | Trove    | Got a slimy battleaxe
 79863 | Trove    | Identified the +2 battleaxe of Dawn {elec, rElec rN+} (You found it in a treasure trove)
 79867 | Trove    | Got a faintly glowing broad axe
 79868 | Trove    | Identified the +3 broad axe of the Tomato {chop, rElec} (You found it in a treasure trove)
 79871 | Trove    | Got a bloodstained broad axe
 79872 | Trove    | Identified the +3 broad axe of Virtue {chop, rF+ rC- Dex+7} (You found it in a treasure trove)
 79879 | Trove    | Got a steaming war axe
 79880 | Trove    | Identified the +6 war axe of Desertification {flame, rPois rF+ Int-2} (You found it in a treasure trove)
 80330 | Tomb:1   | Killed a greater mummy
 80480 | Tomb:2   | Killed a greater mummy
 80675 | Tomb:2   | Killed a greater mummy
 80786 | Tomb:2   | Killed a greater mummy
 81005 | Tomb:2   | Killed a greater mummy
 81029 | Tomb:2   | Killed a greater mummy
 81186 | Tomb:1   | Noticed a greater mummy
 81427 | Tomb:1   | Noticed a greater mummy
 81830 | Tomb:1   | Noticed a greater mummy
 81841 | Tomb:1   | Killed a greater mummy
 81945 | Tomb:1   | Noticed a greater mummy
 81947 | Tomb:1   | Noticed a greater mummy
 82208 | Tomb:1   | Noticed a greater mummy
 82441 | Tomb:2   | Killed a greater mummy
 82480 | Tomb:1   | Killed a greater mummy
 82841 | Tomb:2   | Killed a greater mummy
 83055 | Tomb:3   | Entered Level 3 of the Tomb of the Ancients
 83097 | Tomb:3   | Noticed a greater mummy
 83217 | Tomb:3   | Noticed a greater mummy
 83217 | Tomb:3   | Noticed a greater mummy
 83219 | Tomb:3   | Noticed a greater mummy
 83221 | Tomb:3   | Noticed a greater mummy
 83454 | Tomb:3   | Noticed a greater mummy
 83455 | Tomb:3   | Noticed a greater mummy
 83473 | Tomb:2   | Killed a greater mummy
 83622 | Tomb:3   | Noticed a greater mummy
 83637 | Tomb:2   | Killed a greater mummy
 83644 | Tomb:2   | Killed a greater mummy
 83893 | Tomb:3   | Noticed a greater mummy
 84066 | Tomb:2   | Killed a greater mummy
 84093 | Tomb:2   | Killed a greater mummy
 84321 | Tomb:2   | Killed a greater mummy
 84674 | Tomb:2   | Killed a greater mummy
 84811 | Tomb:3   | Gained mutation: You tend to lose your temper in combat. [a neqoxec]
 84951 | Tomb:2   | Killed a greater mummy
 85444 | Tomb:2   | Killed a greater mummy
 85672 | Tomb:1   | Killed a greater mummy
 85732 | Tomb:1   | Killed a greater mummy
 86510 | Tar:1    | Entered Level 1 of Tartarus
 88138 | Tar:2    | Lost mutation: You tend to lose your temper in combat. [mutagenic glow]
 88164 | Tar:2    | Gained mutation: You are weak. (Str -2) [mutagenic glow]
 89809 | Tar:6    | Cast into level 3 of the Abyss (reaper)
 89814 | Abyss:3  | Found a corrupted altar of Lugonu.
 89881 | Tar:6    | Escaped the Abyss
 89906 | Tar:7    | Entered Level 7 of Tartarus
 90159 | Tar:7    | Got a heavily runed plate armour
 90170 | Tar:7    | Identified the +0 plate armour "Asuoxt" {Str+5} (You found it on level 7 of Tartarus)
 90321 | Tar:7    | Got a slimy pewter ring
 90323 | Tar:7    | Identified the ring of Moedo {rElec rC+ MR- Int+2} (You found it on level 7 of Tartarus)
 90762 | Tar:7    | Noticed Ereshkigal
 90783 | Tar:7    | Killed Ereshkigal
 90813 | Tar:7    | Got a bone rune of Zot
 90955 | Tar:7    | Noticed an ancient lich
 91073 | Tar:7    | Killed an ancient lich
 91449 | Tar:7    | Noticed an ancient lich
 91485 | Tar:7    | Reached skill level 5 in Throwing
 91530 | Tar:7    | Paralysed by a lich for 6 turns
 91571 | Tar:7    | Got a twisted glaive
 91572 | Tar:7    | Identified the cursed +0 glaive of Karma {chop, rN+} (You found it on level 7 of Tartarus)
 92487 | Tomb:1   | Killed a greater mummy
 92756 | Tomb:3   | Killed a greater mummy
 92791 | Tomb:3   | Reached skill level 27 in Fighting
 92859 | Tomb:3   | Got a glittering tin amulet
 92861 | Tomb:3   | Identified the amulet of the Lion {+Blink Regen+ Str-2 Int+3 Slay+3} (You found it on level 3 of the Tomb of the Ancients)
 93107 | Tomb:3   | Got a golden rune of Zot
 93194 | Tomb:3   | Got an encrusted halberd
 93195 | Tomb:3   | Identified the +5 halberd of Scorn {vamp, +Blink Str-3 Int+3 Dex+6} (You found it on level 3 of the Tomb of the Ancients)
 93200 | Tomb:3   | Got a pair of translucent boots
 93211 | Tomb:3   | Identified a +6 rod of inaccuracy (11/11) (You found it on level 3 of the Tomb of the Ancients)
 93243 | Tomb:3   | Got a pitted buckler
 93251 | Tomb:3   | Identified the +3 buckler "Ruoloplu" {rPois rC+ Str-5 Dex+4} (You found it on level 3 of the Tomb of the Ancients)
 93550 | Tomb:1   | Killed a greater mummy
 94081 | Zig:1    | Entered Level 1 of a ziggurat
 94095 | Zig:2    | Entered Level 2 of a ziggurat
 94116 | Zig:3    | Entered Level 3 of a ziggurat
 94142 | Zig:4    | Entered Level 4 of a ziggurat
 94215 | Zig:5    | Entered Level 5 of a ziggurat
 94264 | Zig:6    | Entered Level 6 of a ziggurat
 94331 | Zig:7    | Entered Level 7 of a ziggurat
 94385 | Zig:8    | Entered Level 8 of a ziggurat
 94411 | Zig:8    | Killed from afar by a pearl dragon

Skill      XL: |  1  2  3  4  5  6  7  8  9 10 11 12 13 14 15 16 17 18 19 20 21 22 23 24 25 26 27 |
---------------+----------------------------------------------------------------------------------+-----
Throwing       | 2 3 4 9 |  9.5
Axes           | 3 4 6 8 9 11 12 13 15 16 18 19 20 21 22 23 24 27 | 27.0
Dodging        | 3 4 6 7 8 9 11 12 14 15 16 17 26 | 26.3
Fighting       | 3 4 5 6 7 8 9 10 12 14 15 16 27 | 27.0
Armour         | 1 4 5 7 8 10 12 14 15 25 | 25.3
Invocations    | 3 8 11 14 17 19 | 19.9
Evocations     | 8 12 13 | 13.0
Shields        | 4 7 10 11 12 14 | 14.0

Action                   |  1- 3 |  4- 6 |  7- 9 | 10-12 | 13-15 | 16-18 | 19-21 | 22-24 | 25-27 || total
-------------------------+-------+-------+-------+-------+-------+-------+-------+-------+-------++-------
Melee: War axe           |   103 |   110 |   426 |       |       |       |       |       |     6 ||   645
       Kick              |       |       |   111 |   248 |   391 |   482 |   761 |   920 |  3383 ||  6296
       Hand axe          |       |       |    10 |   391 |       |       |       |       |       ||   401
       Executioner's axe |       |       |       |   364 |  1131 |  1258 |  1639 |  1079 |  6152 || 11623
       Broad axe         |       |       |       |       |       |       |       |   706 |       ||   706
       Headbutt          |       |       |       |       |       |       |       |       |  2135 ||  2135
       Battleaxe         |       |       |       |       |       |       |       |       |   687 ||   687
Throw: Javelin           |       |     7 |     1 |    56 |     9 |     4 |     1 |       |       ||    78
       Throwing net      |       |     2 |       |     1 |       |     4 |     2 |       |       ||     9
       Tomahawk          |       |       |       |       |       |    53 |     1 |       |       ||    54
Invok: Heroism           |       |       |     2 |       |     1 |    19 |    13 |    14 |       ||    49
       Finesse           |       |       |       |       |     1 |     7 |     5 |     5 |       ||    18
       Greater Servant o |       |       |       |       |       |       |       |     1 |     2 ||     3
 Abil: Evoke Flight      |       |       |       |       |       |     9 |     2 |       |    22 ||    33
       Evoke Blink       |       |       |       |       |       |     1 |       |       |       ||     1
       Stop Flying       |       |       |       |       |       |       |       |       |     7 ||     7
Evoke: Wand              |       |       |       |     6 |     3 |     6 |     5 |     7 |    13 ||    40
       Fan of gales      |       |       |       |     1 |     1 |     2 |     2 |     2 |     5 ||    13
       Deck              |       |       |       |       |       |       |     5 |    15 |    22 ||    42
       Phial of floods   |       |       |       |       |       |       |     2 |     5 |    18 ||    25
       Box of beasts     |       |       |       |       |       |       |       |    24 |    24 ||    48
       Horn of Geryon    |       |       |       |       |       |       |       |       |     8 ||     8
       Sack of spiders   |       |       |       |       |       |       |       |       |     8 ||     8
       Disc of storms    |       |       |       |       |       |       |       |       |     7 ||     7
       Stone of tremors  |       |       |       |       |       |       |       |       |     5 ||     5
       Phantom mirror    |       |       |       |       |       |       |       |       |     2 ||     2
  Use: Scroll            |       |     2 |     8 |     4 |    10 |    14 |     8 |     7 |    22 ||    75
       Potion            |       |     1 |       |       |     2 |     4 |     3 |     3 |    24 ||    37
 Stab: Held in net/web   |       |     2 |       |     1 |       |       |       |       |       ||     3
       Invisible         |       |       |     1 |       |       |     3 |       |       |       ||     4
       Paralysed         |       |       |     1 |       |       |       |       |       |       ||     1
       Distracted        |       |       |       |       |     1 |     1 |     2 |     2 |     9 ||    15
       Confused          |       |       |       |       |       |       |       |       |     2 ||     2
  Eat: Chunk             |     1 |     4 |    15 |    24 |    11 |    17 |    21 |     4 |    42 ||   139
       Royal jelly       |       |       |     1 |       |       |     1 |    12 |       |     2 ||    16
       Pizza             |       |       |       |     2 |     5 |     1 |     1 |     1 |     1 ||    11
       Fruit             |       |       |       |       |     9 |     3 |       |     2 |       ||    14
       Beef jerky        |       |       |       |       |     9 |     5 |     2 |     1 |     4 ||    21
       Meat ration       |       |       |       |       |       |       |     1 |     3 |       ||     4
       Bread ration      |       |       |       |       |       |       |       |     6 |    28 ||    34
Armor: Leather armour    |    36 |       |       |       |       |       |       |       |       ||    36
       Scale mail        |    12 |    42 |   200 |   164 |       |       |       |       |       ||   418
       Plate armour      |       |       |       |   275 |   335 |       |       |       |  2766 ||  3376
       Skin              |       |       |       |     1 |       |       |       |       |     2 ||     3
       Fire dragon armou |       |       |       |       |   374 |       |       |       |       ||   374
       Chain mail        |       |       |       |       |    81 |   228 |       |       |       ||   309
       Ring mail         |       |       |       |       |    18 |       |       |    12 |       ||    30
       Crystal plate arm |       |       |       |       |       |  1136 |  1523 |  1176 |   222 ||  4057
Dodge: Dodged            |    75 |    53 |   314 |   590 |  1051 |   873 |  1018 |   919 |  7621 || 12514
Block: Shield            |       |       |       |       |       |       |       |   368 |       ||   368
